 Dungeon Sprint DCSS version 0.21.1-1-g345015f (webtiles) character file.

416298 VLARC the End of an Era (level 20, -2/176 (177) HPs)
             Began as a Demonspawn Gladiator on Mar 4, 2018.
             Was the Champion of Qazlal.
             Killed by something's death curse (16 damage)
             ... in the Dungeon (Sprint IX: "|||||||||||||||||||||||||||||").
             The game lasted 00:35:59 (8317 turns).

VLARC the End of an Era (Demonspawn Gladiator)      Turns: 8317, Time: 00:35:59

HP:   -2/176 (177)  AC: 31    Str: 17    XL:     20   Next: 98%
MP:   36/45         EV: 25    Int: 15    God:    Qazlal [******]
Gold: 928           SH: 48    Dex: 20    Spells: 73/73 levels left

rFire    + + .     SeeInvis +   b - +8 double sword (slice)
rCold    + + .     Gourm    .   q - +2 large shield
rNeg     . . .     Faith    .   I - +7 chain mail of Qonomn {rF+ Int+3 SInv}
rPois    .         Spirit   .   (helmet unavailable)
rElec    .         Reflect  +   Y - +0 cloak "Xaviotta" {rC+ Regen+ Stlth-}
rCorr    .         Harm     .   x - +0 pair of gloves {Str+3}
MR       ++...     NoTele   +   H - +1 pair of boots
Stlth    ..........             c - +4 amulet of reflection
HPRegen  0.79/turn              U - ring of the Cicada {MR+ Dex+4}
MPRegen  0.29/turn              W - ring of Igacovet {+Inv rF+ rC+ AC+3 Str-4}

@: slowed, drained, repel missiles, very slow
A: horns 3, large bone plates 3, clever 1, deformed body, demonic guardian 3,
frail 1, low mp 1, spiny 2, weak 2
}: 6/15 runes: decaying, barnacled, slimy, elven, silver, gossamer
a: Upheaval, Elemental Force, Disaster Area, Renounce Religion, Evoke
Invisibility


You were in the Dungeon.
You worshipped Qazlal.
Qazlal was exalted by your worship.
You were not hungry.

You visited 1 branch You collected 1675 gold pieces.
You spent 747 gold pieces at shops.

Inventory:

Hand Weapons
 a - a +0 long sword
 b - a +8 double sword of slicing (weapon)
 p - a +2 scimitar of flaming
 G - a +0 great sword of draining
Missiles
 d - 3 throwing nets (quivered)
Armour
 q - a +2 large shield (worn)
 x - a +0 pair of gloves of strength (worn)
 C - a +1 cloak
 H - a +1 pair of boots (worn)
 I - the +7 chain mail of Qonomn (worn) {rF+ Int+3 SInv}
   (You found it in the Dungeon)

   It affects your intelligence (+3).
   It protects you from fire.
   It lets you see invisible.
 R - the +0 plate armour of Watchfulness {rF- rN+ MP+9 Dex+5}
   (You found it in the Dungeon)

   It affects your dexterity (+5).
   It makes you vulnerable to fire.
   It protects you from negative energy.
   It affects your magic capacity (+9).
 Y - the +0 cloak "Xaviotta" (worn) {rC+ Regen+ Stlth-}
   (You found it in the Dungeon)

   It protects you from cold.
   It increases your rate of regeneration.
   It makes you less stealthy.
Jewellery
 c - a +4 amulet of reflection (around neck)
 r - a +2 ring of slaying
 s - a +2 ring of evasion
 t - a +2 ring of evasion
 z - a +6 ring of dexterity
 D - a +4 ring of dexterity
 F - an uncursed ring of protection from fire
 Q - an uncursed ring of stealth
 T - the ring of Ixiodw Maocw {Ice rPois}
   (You found it in the Dungeon)

   [ring of ice]

   It enhances your ice magic.
   It makes you vulnerable to fire.
   It protects you from cold.
   It protects you from poison.
 U - the ring of the Cicada (left hand) {MR+ Dex+4}
   (You found it in the Dungeon)

   [ring of protection from magic]

   It affects your dexterity (+4).
   It affects your resistance to hostile enchantments.
 V - the amulet "Qofuseb" {Spirit Str+3 Int+2 Stlth+}
   (You found it in the Dungeon)

   [amulet of guardian spirit]

   It causes incoming damage to be split between your health and magic.
   It affects your strength (+3).
   It affects your intelligence (+2).
   It makes you more stealthy.
 W - the ring of Igacovet (right hand) {+Inv rF+ rC+ AC+3 Str-4}
   (You found it in the Dungeon)

   [ring of protection]

   It affects your AC (+3).
   It affects your strength (-4).
   It protects you from fire.
   It protects you from cold.
   It lets you turn invisible.
 X - the amulet of Xesimmoc {RegenMP Int+5}
   (You found it in the Dungeon)

   [amulet of magic regeneration]

   It increases your magic regeneration.
   It affects your intelligence (+5).
Wands
 o - a wand of iceblast (16)
 N - a wand of digging (13)
Scrolls
 k - 5 scrolls of blinking
 m - 4 scrolls of remove curse
 n - 2 scrolls of amnesia
 y - 5 scrolls of identify
 A - 4 scrolls of fog
 E - 4 scrolls of enchant weapon
 K - 4 scrolls of enchant armour
 L - 2 scrolls of fear
Potions
 e - 10 potions of curing
 g - 10 potions of heal wounds
 h - 7 potions of haste
 i - 2 potions of magic
 j - 2 potions of berserk rage
 l - a potion of invisibility
 u - 3 potions of might
 v - 5 potions of agility
 w - 7 potions of brilliance
 B - a potion of cancellation
 J - 2 potions of resistance
 M - a potion of degeneration {unknown}
 P - a potion of ambrosia {unknown}
Books
 O - a book of Flames

   Spells                             Type                      Level
   a - Flame Tongue                   Conjuration/Fire             1
   b - Throw Flame                    Conjuration/Fire             2
   c - Conjure Flame                  Conjuration/Fire             3
   d - Inner Flame                    Hexes/Fire                   3
   e - Sticky Flame                   Conjuration/Fire             4
   f - Fireball                       Conjuration/Fire             5
Miscellaneous
 S - a sack of spiders
Comestibles
 f - 10 rations


   Skills:
 O Level 27(26.9) Fighting
 O Level 27(26.9) Long Blades
 + Level 2.5(2.4) Throwing
 O Level 27(26.9) Armour
 O Level 27(26.9) Dodging
 O Level 27(26.9) Shields
 O Level 27(26.9) Spellcasting
 O Level 27(26.9) Invocations


You had 73 spell levels left.
You didn't know any spells.

Dungeon Overview and Level Annotations

Branches:
Dungeon (1/1)

Altars:
Cheibriados
Dithmenos
Elyvilon
Fedhas
Gozag
Hepliaklqana
Kikubaaqudgha
Makhleb
Nemelex Xobeh
Okawaru
Qazlal
Ru
Sif Muna
Trog
Uskayaw
Vehumet
Wu Jian
Xom
Yredelemnul
Zin
The Shining One
Beogh
Jiyva
Lugonu

Shops:
D !!=%


Innate Abilities, Weirdness & Mutations

You have a pair of large horns on your head.
You are completely covered in large bone plates. (SH +8)
A powerful demonic guardian rushes to your aid.
You are mostly covered in sharp spines.
Your mind is acute. (Int +2)
Armour fits poorly on your strangely shaped body.
You are frail. (-10% HP)
Your magical capacity is low. (-10% MP)
You are very weak. (Str -4)


Message History

Qazlal accepts your kill.
You feel extremely nervous for a moment...
You convulse helplessly as pain tears through your body!
* * * LOW HITPOINT WARNING * * *
The cutting wind hits the mummy priest.
You destroy the mummy priest!
Qazlal accepts your kill.
You feel extremely nervous for a moment...
You are engulfed in negative energy!
You feel drained.
You have mastered Spellcasting!
You need to enable at least one skill for training.
Qazlal accepts your kill.
You feel extremely nervous for a moment...
You feel yourself slow down.
You feel horribly lethargic.
Your Throwing skill increases to level 2!
You feel a bit more experienced. Qazlal accepts your kill.
You feel extremely nervous for a moment...
Pain shoots through your body!
You die...

▓.▓.▓.▓.▓.▓≈▓.▓[
▓§▓.▓≈▓.▓.▓.▓[▓.▓.
▓§▓.▓≈▓.▓.▓.▓)▓.▓[
▓§▓.▓)▓.▓.▓.▓.▓.▓[
▓.▓.▓.▓.▓.▓.▓)▓.▓[
▓.▓.▓)▓.▓.▓.▓)▓.▓[
▓§▓.▓.▓.▓.▓.▓)▓.▓[
▓M▓.▓)▓.▓.▓.▓)▓.▓.
▓@▓.▓)▓.▓.▓.▓.▓.▓.
▓≈▓.▓'▓.▓.▓.▓)▓.▓.
▓§▓.♣.♣.▓≈▓.▓'▓.▓)
▓≈▓.♣.♣.▓.▓.▓.▓.▓)
▓§▓.♣.♣.▓.▓.▓.▓.▓)
▓.▓.♣.♣.▓.▓.▓.▓.▓)
▓§▓.♣.♣.▓.▓.▓.▓.▓)
▓.▓.♣≈♣.▓)▓.▓[▓.▓)
▓.▓.♣≈♣.▓)▓.▓)▓.▓)


You could see a guardian mummy.

Vanquished Creatures
  the Royal Jelly (D)
  3 orbs of fire (D)
  5 ancient liches (D)
  Mara (D)
  Boris (D)
  Sojobo (D)
  A curse toe (D)
  Xtahua (D)
  Nikola (D)
  A golden dragon (D)
  4 liches (D)
  An electric golem (D)
  2 tentacled monstrosities (D)
  24 Orb Guardians (D)
  Rupert (D)
  2 quicksilver dragons (D)
  A deep elf blademaster (D)
  A deep elf master archer (D)
  4 death cobs (D)
  5 acid blobs (D)
  5 sphinxes (D)
  A draconian monk (D)
  5 shadow dragons (D)
  6 nagarajas (D)
  Donald (D)
  4 storm dragons (D)
  2 tengu reavers (D)
  Ilsuiw (D)
  6 azure jellies (D)
  4 frost giants (D)
  2 fire giants (D)
  3 draconian scorchers (D)
  4 deep elf sorcerers (D)
  2 emperor scorpions (D)
  A draconian shifter (D)
  3 draconian knights (D)
  6 ghost moths (D)
  6 vault wardens (D)
  A very ugly thing (D)
  3 ironheart preservers (D)
  A draconian stormcaller (D)
  A spriggan defender (D)
  A war gargoyle (D)
  An entropy weaver (D)
  A green draconian (D)
  2 stone giants (D)
  2 black draconians (D)
  5 vampire knights (D)
  5 white draconians (D)
  2 deep elf annihilators (D)
  3 yellow draconians (D)
  A purple draconian (D)
  4 ettins (D)
  A red draconian (D)
  2 deep elf death magi (D)
  A deep elf high priest (D)
  3 merfolk impalers (D)
  4 death oozes (D)
  4 fire dragons (D)
  4 great orbs of eyes (D)
  3 merfolk javelineers (D)
  3 naga warriors (D)
  4 mummy priests (D)
  4 yaktaur captains (D)
  A rakshasa (D)
  24 vault guards (D)
  4 ice dragons (D)
  7 hydras (D)
  2 merfolk avatars (D)
  Erica (D)
  2 ogre magi (D)
  A centaur warrior (D)
  5 merfolk aquamancers (D)
  A deep troll shaman (D)
  3 orc high priests (D)
  A skeletal warrior (D)
  2 sea snakes (D)
  A death drake (shapeshifter) (D)
  A spriggan druid (D)
  A glowing orange brain (D)
  3 flayed ghosts (D)
  A deep troll (D)
  6 swamp dragons (D)
  3 ironbrand convokers (D)
  A phantasmal warrior (D)
  12 orc knights (D)
  An orb spider (D)
  2 cyclopes (D)
  4 wolf spiders (D)
  An ugly thing (D)
  A deep elf mage (D)
  A manticore (D)
  11 moths of wrath (D)
  Maurice (D)
  2 guardian serpents (D)
  5 naga magi (D)
  A water nymph (D)
  A black mamba (shapeshifter) (D)
  Joseph (D)
  3 black mambas (D)
  2 vault sentinels (D)
  5 spiny frogs (D)
  4 demonic crawlers (D)
  12 guardian mummies (D)
  2 jumping spiders (D)
  3 tyrant leeches (D)
  3 merfolk (D)
  A dream sheep (D)
  A snapping turtle (shapeshifter) (D)
  A blink frog (D)
  2 slime creatures (D)
  A snapping turtle (D)
  A shadow (D)
  11 spriggans (D)
  2 yaks (D)
  2 wraiths (D)
  3 redbacks (D)
  Eustachio (D)
  3 golden eyes (D)
  2 vampire mosquitoes (D)
  An acid dragon (D)
  A naga (D)
  A water moccasin (D)
  7 orc warriors (D)
  2 swamp drakes (D)
  A wolf (D)
  A boggart (D)
  2 crocodiles (D)
  A centaur (D)
  2 bullfrogs (D)
  A killer bee (D)
  4 orc priests (D)
  6 orc wizards (D)
  A hound (D)
  2 adders (D)
  2 adder skeletons (D)
  A dart slug (D)
  2 orcs (D)
  2 bat zombies (D)
  A jackal (D)
  A kobold (D)
  2 quokkas (D)
  A ball python simulacrum (D)
  A ball python zombie (D)
  2 bats (D)
  A rat (D)
418 creatures vanquished.

Vanquished Creatures (collateral kills)
  2 ancient liches (D)
  A lich (D)
  2 Orb Guardians (D)
  A deep elf blademaster (D)
  2 acid blobs (D)
  8 sphinxes (D)
  Frances (D)
  2 draconian monks (D)
  An azure jelly (D)
  A ghost moth (D)
  An emperor scorpion (D)
  Louise (D)
  A very ugly thing (D)
  A vampire knight (D)
  A green draconian (D)
  2 great orbs of eyes (D)
  A deep elf high priest (D)
  A vault guard (D)
  A spriggan air mage (D)
  A swamp dragon (D)
  2 orb spiders (D)
  2 orc knights (D)
  An ugly thing (D)
  A black mamba (D)
  2 moths of wrath (D)
  Psyche (D)
  A spiny frog (D)
  2 komodo dragons (D)
  A rime drake (D)
  A tyrant leech (D)
  A hippogriff (D)
  A blink frog (D)
  A slime creature (D)
  A yak (D)
  A basilisk (D)
  2 water moccasins (D)
  2 orc warriors (D)
  An ice beast (D)
  A big kobold (D)
  A bullfrog (D)
  A wight (D)
  An orc wizard (D)
  An orc (D)
61 creatures vanquished.

Vanquished Creatures (others)
  A deep elf master archer (D)
  A nagaraja (D)
  A centaur warrior (D)
  An ogre mage (D)
  A yaktaur (D)
5 creatures vanquished.

Grand Total: 484 creatures vanquished

Notes
Turn   | Place    | Note
-------+----------+-------------------------------------------
     0 | D        | VLARC the Demonspawn Gladiator began the quest for the Orb.
     0 | D        | Reached XP level 1. HP: 16/16 MP: 1/1
    59 | D        | Noticed a hound
    63 | D        | Gained mutation: You are partially covered in sharp spines. [demonic ancestry]
    63 | D        | Reached XP level 2. HP: 24/24 MP: 2/2
    70 | D        | Reached XP level 3. HP: 26/30 MP: 3/3
    76 | D        | Found a roughly hewn altar of Beogh.
    76 | D        | Found a snail-covered altar of Cheibriados.
    76 | D        | Found a shadowy altar of Dithmenos.
    76 | D        | Found a white marble altar of Elyvilon.
    76 | D        | Found a blossoming altar of Fedhas.
    76 | D        | Found an opulent altar of Gozag.
    77 | D        | Found a hazy altar of Hepliaklqana.
    78 | D        | Found a viscous altar of Jiyva.
    79 | D        | Found an ancient bone altar of Kikubaaqudgha.
    80 | D        | Found a corrupted altar of Lugonu.
    81 | D        | Found a burning altar of Makhleb.
    82 | D        | Found a sparkling altar of Nemelex Xobeh.
    83 | D        | Found an iron altar of Okawaru.
    84 | D        | Found a stormy altar of Qazlal.
    85 | D        | Found a sacrificial altar of Ru.
    86 | D        | Found a deep blue altar of Sif Muna.
    87 | D        | Found a bloodstained altar of Trog.
    88 | D        | Found a hide-covered altar of Uskayaw.
    89 | D        | Found a radiant altar of Vehumet.
    90 | D        | Found an ornate altar of the Wu Jian Council.
    91 | D        | Found a shimmering altar of Xom.
    92 | D        | Found a basalt altar of Yredelemnul.
    93 | D        | Found a glowing silver altar of Zin.
    94 | D        | Found a glowing golden altar of the Shining One.
   104 | D        | Became a worshipper of Qazlal Stormbringer
   151 | D        | Noticed a centaur
   151 | D        | Noticed a killer bee
   163 | D        | Reached * piety under Qazlal
   163 | D        | Reached skill level 5 in Fighting
   163 | D        | Reached skill level 5 in Long Blades
   163 | D        | Reached skill level 5 in Dodging
   163 | D        | Gained mutation: You are mostly covered in sharp spines. [demonic ancestry]
   163 | D        | Reached XP level 4. HP: 38/39 MP: 4/4
   173 | D        | Killed a centaur
   173 | D        | Reached ** piety under Qazlal
   173 | D        | Gained mutation: A weak demonic guardian rushes to your aid. [demonic ancestry]
   173 | D        | Reached XP level 5. HP: 31/48 MP: 5/5
   278 | D        | Noticed a hippogriff
   278 | D        | Noticed a slime creature
   278 | D        | Noticed a basilisk
   278 | D        | Noticed an ice beast
   287 | D        | Killed an ice beast
   287 | D        | Gained mutation: A demonic guardian rushes to your aid. [demonic ancestry]
   287 | D        | Reached XP level 6. HP: 26/56 MP: 6/6
   298 | D        | Killed a basilisk
   304 | D        | Killed a slime creature
   307 | D        | Reached *** piety under Qazlal
   313 | D        | Killed a hippogriff
   313 | D        | Reached XP level 7. HP: 35/64 MP: 7/7
   464 | D        | Noticed Joseph
   479 | D        | Killed Joseph
   479 | D        | Reached skill level 10 in Fighting
   679 | D        | Noticed a yak
   679 | D        | Noticed a komodo dragon
   679 | D        | Noticed a spiny frog
   679 | D        | Noticed a komodo dragon
   679 | D        | Noticed a rime drake
   682 | D        | Reached **** piety under Qazlal
   689 | D        | Killed a rime drake
   689 | D        | Reached skill level 10 in Dodging
   689 | D        | Gained mutation: You have a pair of small horns on your head. [demonic ancestry]
   689 | D        | Reached XP level 8. HP: 56/74 MP: 8/8
   698 | D        | Killed a komodo dragon
   698 | D        | Reached skill level 10 in Long Blades
   710 | D        | Killed a spiny frog
   719 | D        | Killed a komodo dragon
   726 | D        | Reached ***** piety under Qazlal
   754 | D        | Reached skill level 1 in Invocations
   898 | D        | Noticed a dream sheep
   898 | D        | Noticed a spiny frog
   903 | D        | Killed a spiny frog
   903 | D        | Reached XP level 9. HP: 68/82 MP: 9/12
   908 | D        | Reached skill level 5 in Invocations
   928 | D        | Reached ****** piety under Qazlal
  1007 | D        | Noticed a tyrant leech
  1007 | D        | Noticed a spiny frog
  1007 | D        | Noticed a spiny frog
  1007 | D        | Noticed a tyrant leech
  1008 | D        | Noticed a spiny frog
  1013 | D        | Killed a tyrant leech
  1018 | D        | Killed a spiny frog
  1022 | D        | Noticed a tyrant leech
  1023 | D        | Killed a spiny frog
  1040 | D        | Killed a tyrant leech
  1040 | D        | Gained mutation: You are partially covered in large bone plates. (SH +4) [demonic ancestry]
  1040 | D        | Reached XP level 10. HP: 34/92 MP: 9/17
  1045 | D        | Killed a spiny frog
  1045 | D        | Reached skill level 10 in Invocations
  1323 | D        | Noticed Psyche
  1331 | D        | Killed Psyche
  1390 | D        | Noticed a stone giant
  1408 | D        | Killed a stone giant
  1656 | D        | Noticed an orc knight
  1667 | D        | Killed an orc knight
  1670 | D        | Noticed an orc knight
  1681 | D        | Killed an orc knight
  1899 | D        | Found Zinyh's Food Boutique.
  1899 | D        | Noticed an orc high priest
  1899 | D        | Noticed an orc knight
  1899 | D        | Noticed an orc high priest
  1901 | D        | Noticed an orc knight
  1902 | D        | Noticed an orc knight
  1902 | D        | Killed an orc high priest
  1902 | D        | Reached skill level 15 in Fighting
  1902 | D        | Reached XP level 11. HP: 102/102 MP: 15/21
  1903 | D        | Noticed an orc knight
  1905 | D        | Noticed an orc knight
  1906 | D        | Killed an orc high priest
  1906 | D        | Killed an orc knight
  1906 | D        | Killed an orc knight
  1906 | D        | Killed an orc knight
  1906 | D        | Reached skill level 15 in Invocations
  1907 | D        | Found Atu Haep's Jewellery Shop.
  1907 | D        | Noticed an orc knight
  1907 | D        | Killed an orc knight
  1916 | D        | Noticed an orc knight
  1916 | D        | Found Ynaotom's Distillery.
  1917 | D        | Noticed an orc knight
  1919 | D        | Noticed an orc knight
  1920 | D        | Noticed an orc knight
  1920 | D        | Killed an orc knight
  1924 | D        | Killed an orc knight
  1925 | D        | Found Byruurakhla's Distillery.
  1933 | D        | Killed an orc knight
  1934 | D        | Noticed an orc high priest
  1948 | D        | Killed an orc knight
  1948 | D        | Reached skill level 1 in Armour
  1948 | D        | Killed an orc knight
  1948 | D        | Killed an orc high priest
  1948 | D        | Killed an orc knight
  2179 | D        | Bought a potion of heal wounds for 70 gold pieces
  2183 | D        | Bought a +4 amulet of reflection for 270 gold pieces
  2191 | D        | Bought a potion of haste for 110 gold pieces
  2191 | D        | Bought a potion of might for 44 gold pieces
  2191 | D        | Bought a potion of heal wounds for 55 gold pieces
  2191 | D        | Bought a potion of cancellation for 88 gold pieces
  2191 | D        | Bought a potion of curing for 33 gold pieces
  2191 | D        | Bought a potion of curing for 33 gold pieces
  2191 | D        | Bought a potion of agility for 44 gold pieces
  2254 | D        | Noticed Maurice
  2263 | D        | Killed Maurice
  2290 | D        | Noticed Erica
  2302 | D        | Killed Erica
  2402 | D        | Noticed Eustachio
  2419 | D        | Killed Eustachio
  2479 | D        | Got the +7 chain mail of Qonomn {rF+ Int+3 SInv}
  2537 | D        | Noticed a rakshasa
  2537 | D        | Noticed a skeletal warrior
  2537 | D        | Noticed a death drake
  2538 | D        | Noticed an ogre mage
  2544 | D        | Noticed a great orb of eyes
  2547 | D        | Killed a death drake
  2547 | D        | Reached skill level 5 in Armour
  2556 | D        | Killed a rakshasa
  2556 | D        | Gained mutation: You are mostly covered in large bone plates. (SH +6) [demonic ancestry]
  2556 | D        | Reached XP level 12. HP: 114/114 MP: 24/24
  2557 | D        | Noticed a stone giant
  2564 | D        | Noticed a great orb of eyes
  2574 | D        | Killed an ogre mage
  2593 | D        | Killed a great orb of eyes
  2596 | D        | Noticed a frost giant
  2596 | D        | Noticed an ettin
  2599 | D        | Killed an ettin
  2603 | D        | Killed a stone giant
  2605 | D        | Killed a great orb of eyes
  2607 | D        | Killed a frost giant
  2877 | D        | Noticed Donald
  2891 | D        | Killed Donald
  3057 | D        | Noticed Rupert
  3057 | D        | Paralysed by Rupert for 2 turns
  3072 | D        | Killed Rupert
  3165 | D        | Noticed a five-headed hydra
  3169 | D        | Killed a five-headed hydra
  3179 | D        | Reached skill level 5 in Shields
  3192 | D        | Noticed a merfolk avatar
  3207 | D        | Gained mutation: You are completely covered in large bone plates. (SH +8) [demonic ancestry]
  3207 | D        | Reached XP level 13. HP: 122/125 MP: 27/27
  3319 | D        | Noticed a ghost moth
  3321 | D        | Killed a ghost moth
  3326 | D        | Noticed an entropy weaver
  3346 | D        | Killed an entropy weaver
  3543 | D        | Noticed an ettin
  3543 | D        | Noticed a red very ugly thing
  3543 | D        | Noticed an ettin
  3545 | D        | Killed an ettin
  3554 | D        | Killed a red very ugly thing
  3554 | D        | Reached skill level 15 in Long Blades
  3554 | D        | Reached skill level 10 in Shields
  3557 | D        | Noticed a frost giant
  3558 | D        | Killed an ettin
  3559 | D        | Noticed a spriggan defender
  3560 | D        | Noticed an ettin
  3561 | D        | Noticed a fire dragon
  3565 | D        | Killed a spriggan defender
  3566 | D        | Killed an ettin
  3566 | D        | Killed a fire dragon
  3566 | D        | Gained mutation: You have a pair of horns on your head. [demonic ancestry]
  3566 | D        | Reached XP level 14. HP: 104/138 MP: 15/29
  3571 | D        | Killed a frost giant
  3714 | D        | Noticed a vault warden
  3721 | D        | Noticed a vault warden
  3730 | D        | Noticed a frost giant
  3735 | D        | Noticed a vault warden
  3740 | D        | Killed a vault warden
  3741 | D        | Noticed a vault warden
  3745 | D        | Noticed a vault warden
  3747 | D        | Killed a vault warden
  3763 | D        | Killed a frost giant
  3768 | D        | Killed a vault warden
  3768 | D        | Killed a vault warden
  3772 | D        | Killed a vault warden
  3773 | D        | Noticed an ironheart preserver
  3782 | D        | Killed an ironheart preserver
  3989 | D        | Noticed Louise
  4003 | D        | Killed Louise
  4210 | D        | Noticed a tengu reaver
  4211 | D        | Noticed Sojobo
  4213 | D        | Noticed a tengu reaver
  4221 | D        | Killed a tengu reaver
  4236 | D        | Killed Sojobo
  4239 | D        | Killed a tengu reaver
  4420 | D        | Noticed a nagaraja
  4420 | D        | Noticed a nagaraja
  4422 | D        | Killed a nagaraja
  4422 | D        | Reached XP level 15. HP: 149/149 MP: 30/32
  4422 | D        | Killed a nagaraja
  4422 | D        | Reached skill level 15 in Shields
  4426 | D        | Noticed a nagaraja
  4427 | D        | Noticed a nagaraja
  4428 | D        | Noticed a nagaraja
  4429 | D        | Noticed a nagaraja
  4430 | D        | Noticed a nagaraja
  4433 | D        | Killed a nagaraja
  4437 | D        | Killed a nagaraja
  4441 | D        | Killed a nagaraja
  4446 | D        | Killed a nagaraja
  4446 | D        | Killed a nagaraja
  4446 | D        | Reached skill level 27 in Invocations
  4652 | D        | Got a decaying rune of Zot
  4667 | D        | Noticed a ghost moth
  4669 | D        | Killed a ghost moth
  4688 | D        | Noticed a ghost moth
  4705 | D        | Killed a ghost moth
  4717 | D        | Killed a ghost moth
  4730 | D        | Got a gossamer rune of Zot
  4859 | D        | Noticed Ilsuiw
  4888 | D        | Killed Ilsuiw
  4914 | D        | Got a barnacled rune of Zot
  4941 | D        | Noticed Boris
  4956 | D        | Killed Boris
  4956 | D        | Reached XP level 16. HP: 55/166 MP: 33/33
  5311 | D        | Reached skill level 27 in Fighting
  5425 | D        | Noticed an ancient lich
  5431 | D        | Noticed a sphinx
  5436 | D        | Killed a sphinx
  5437 | D        | Killed an ancient lich
  5443 | D        | Noticed a shadow dragon
  5445 | D        | Noticed a shadow dragon
  5450 | D        | Noticed a lich
  5457 | D        | Killed a shadow dragon
  5462 | D        | Killed a shadow dragon
  5465 | D        | Killed a lich
  5756 | D        | Noticed a shadow dragon
  5756 | D        | Noticed an ancient lich
  5756 | D        | Noticed a shadow dragon
  5759 | D        | Noticed a shadow dragon
  5762 | D        | Noticed a quicksilver dragon
  5763 | D        | Killed a shadow dragon
  5763 | D        | Reached skill level 27 in Shields
  5763 | D        | Reached XP level 17. HP: 174/174 MP: 27/34
  5763 | D        | Killed a quicksilver dragon
  5763 | D        | Reached skill level 10 in Armour
  5763 | D        | Killed an ancient lich
  5825 | D        | Got a silver rune of Zot
  5836 | D        | Got a polished plate armour
  5863 | D        | Identified the cursed +0 plate armour of Watchfulness {rF- rN+ MP+9 Dex+5} (You found it in the Dungeon)
  5917 | D        | Noticed Nikola
  5928 | D        | Killed Nikola
  6113 | D        | Got the ring of Ixiodw Maocw {Ice rPois}
  6115 | D        | Got the ring of the Cicada {MR+ Dex+4}
  6117 | D        | Got the amulet "Qofuseb" {Spirit Str+3 Int+2 Stlth+}
  6119 | D        | Got the ring of Igacovet {+Inv rF+ rC+ AC+3 Str-4}
  6121 | D        | Got the amulet of Xesimmoc {RegenMP Int+5}
  6142 | D        | Got the +0 cloak "Xaviotta" {rC+ Regen+ Stlth-}
  6280 | D        | Noticed Mara
  6283 | D        | Noticed VLARC's illusion
  6293 | D        | Killed Mara
  6359 | D        | Noticed Frances
  6370 | D        | Killed Frances
  6386 | D        | Noticed Xtahua
  6401 | D        | Killed Xtahua
  6437 | D        | Reached skill level 15 in Dodging
  6517 | D        | Reached skill level 15 in Armour
  6615 | D        | Noticed a quicksilver dragon
  6616 | D        | Killed a quicksilver dragon
  6632 | D        | Gained mutation: You have a pair of large horns on your head. [demonic ancestry]
  6632 | D        | Reached XP level 18. HP: 157/182 MP: 26/35
  6666 | D        | Noticed a golden dragon
  6675 | D        | Killed a golden dragon
  6720 | D        | Noticed a tentacled monstrosity
  6720 | D        | Noticed a tentacled monstrosity
  6724 | D        | Killed a tentacled monstrosity
  6726 | D        | Killed a tentacled monstrosity
  6915 | D        | Noticed an Orb Guardian
  6915 | D        | Noticed an Orb Guardian
  6915 | D        | Noticed an Orb Guardian
  6915 | D        | Noticed an Orb Guardian
  6915 | D        | Noticed an Orb Guardian
  6915 | D        | Noticed an Orb Guardian
  6918 | D        | Noticed an Orb Guardian
  6920 | D        | Killed an Orb Guardian
  6923 | D        | Killed an Orb Guardian
  6924 | D        | Noticed an Orb Guardian
  6934 | D        | Killed an Orb Guardian
  6936 | D        | Noticed an Orb Guardian
  6945 | D        | Killed an Orb Guardian
  6950 | D        | Killed an Orb Guardian
  6954 | D        | Noticed an Orb Guardian
  6956 | D        | Killed an Orb Guardian
  6960 | D        | Killed an Orb Guardian
  6968 | D        | Killed an Orb Guardian
  6975 | D        | Killed an Orb Guardian
  6978 | D        | Killed an Orb Guardian
  6988 | D        | Noticed an Orb Guardian
  6988 | D        | Noticed an Orb Guardian
  6990 | D        | Killed an Orb Guardian
  6990 | D        | Killed an Orb Guardian
  6996 | D        | Noticed an Orb Guardian
  6997 | D        | Noticed an Orb Guardian
  7001 | D        | Killed an Orb Guardian
  7001 | D        | Killed an Orb Guardian
  7040 | D        | Noticed an ancient lich
  7049 | D        | Killed an ancient lich
  7051 | D        | Noticed an orb of fire
  7052 | D        | Gained mutation: Armour fits poorly on your strangely shaped body. [an orb of fire]
  7057 | D        | Gained mutation: You are robust. (+10% HP) [an orb of fire]
  7060 | D        | Gained mutation: You are weak. (Str -2) [an orb of fire]
  7061 | D        | Gained mutation: Your magical capacity is low. (-10% MP) [an orb of fire]
  7064 | D        | Killed an orb of fire
  7064 | D        | Gained mutation: A powerful demonic guardian rushes to your aid. [demonic ancestry]
  7064 | D        | Reached XP level 19. HP: 182/207 MP: 32/32
  7066 | D        | Lost mutation: Your magical capacity is low. (-10% MP) [potion of mutation]
  7066 | D        | Lost mutation: You are robust. (+10% HP) [potion of mutation]
  7066 | D        | Gained mutation: Your mind is acute. (Int +2) [potion of mutation]
  7068 | D        | Noticed an electric golem
  7074 | D        | Noticed an ancient lich
  7074 | D        | Noticed an ancient lich
  7074 | D        | Noticed an ancient lich
  7076 | D        | Killed an ancient lich
  7076 | D        | Killed an ancient lich
  7079 | D        | Noticed an orb of fire
  7083 | D        | Noticed an orb of fire
  7093 | D        | Killed an ancient lich
  7093 | D        | Killed an electric golem
  7098 | D        | Noticed a curse toe
  7100 | D        | Killed an orb of fire
  7106 | D        | Gained mutation: Your magical capacity is low. (-10% MP) [an orb of fire]
  7108 | D        | Gained mutation: You are frail. (-10% HP) [an orb of fire]
  7109 | D        | Gained mutation: You are very weak. (Str -4) [an orb of fire]
  7114 | D        | Killed an orb of fire
  7117 | D        | Killed a curse toe
  7361 | D        | Reached skill level 27 in Long Blades
  7547 | D        | Noticed an ancient lich
  7547 | D        | Noticed a lich
  7547 | D        | Noticed a lich
  7553 | D        | Killed a lich
  7553 | D        | Killed a lich
  7571 | D        | Killed an ancient lich
  7571 | D        | Reached skill level 27 in Armour
  7571 | D        | Reached skill level 27 in Dodging
  7571 | D        | Reached XP level 20. HP: 102/177 MP: 24/33
  7577 | D        | Reached skill level 5 in Spellcasting
  7595 | D        | Reached skill level 10 in Spellcasting
  7752 | D        | Reached skill level 15 in Spellcasting
  7770 | D        | Got an elven rune of Zot
  7828 | D        | Noticed the Royal Jelly
  7830 | D        | Killed the Royal Jelly
  7870 | D        | Got a slimy rune of Zot
  8057 | D        | Paralysed by a sphinx for 7 turns
  8317 | D        | Reached skill level 27 in Spellcasting
  8317 | D        | Killed by something's death curse

Skill      XL: |  1  2  3  4  5  6  7  8  9 10 11 12 13 14 15 16 17 18 19 20 |
---------------+-------------------------------------------------------------+-----
Long Blades    | 3 4 5 6 7 8 9 11 12 14 15 16 20 24 27 | 27.0
Dodging        | 3 4 5 6 7 8 10 17 22 27 | 27.0
Fighting       | 3 4 5 7 9 10 12 13 15 17 19 21 23 26 27 | 27.0
Invocations    | 4 9 13 17 20 23 26 27 | 27.0
Armour         | 5 9 17 22 27 | 27.0
Shields        | 5 10 14 20 27 | 27.0
Spellcasting   | 4 27 | 27.0
Throwing       | 2 |  2.5

Action                   |  1- 3 |  4- 6 |  7- 9 | 10-12 | 13-15 | 16-18 | 19-21 || total
-------------------------+-------+-------+-------+-------+-------+-------+-------++-------
Melee: Long sword        |    27 |    17 |    26 |       |       |       |       ||    70
       Scimitar          |       |       |    54 |    68 |       |       |       ||   122
       Headbutt          |       |       |    10 |    42 |    65 |    86 |    64 ||   267
       Great sword       |       |       |       |    52 |       |       |       ||    52
       Double sword      |       |       |       |    29 |   255 |   271 |   181 ||   736
Invok: Disaster Area     |       |       |     1 |     6 |     9 |    11 |    12 ||    39
       Upheaval          |       |       |       |     8 |    13 |    19 |    14 ||    54
  Use: Scroll            |       |       |       |       |     6 |     1 |       ||     7
       Potion            |       |       |       |       |       |       |     6 ||     6
 Stab: Distracted        |       |       |       |     1 |     1 |     1 |     1 ||     4
  Eat: Chunk             |       |       |       |     7 |     3 |     6 |     5 ||    21
       Ration            |       |       |       |       |     1 |       |       ||     1
Armor: Leather armour    |    10 |       |       |       |       |       |       ||    10
       Chain mail        |     9 |     7 |     7 |     9 |    20 |    27 |    19 ||    98
Dodge: Dodged            |    27 |    11 |    31 |    26 |    22 |    36 |    18 ||   171
       Deflected         |       |       |       |     3 |       |     6 |     4 ||    13
Block: Other             |       |       |    20 |    46 |       |       |       ||    66
       Large shield      |       |       |       |    28 |   295 |   254 |   166 ||   743
       Reflection        |       |       |       |     1 |    24 |     6 |     9 ||    40
       Rpst.: Long sword |    12 |     2 |     3 |       |       |       |       ||    17
       Scimitar          |       |       |     8 |     3 |       |       |       ||    11
       Great sword       |       |       |       |     7 |       |       |       ||     7
       Double sword      |       |       |       |       |     2 |     4 |     2 ||     8
